 Dungeon Crawl Stone Soup version 0.32-a0-314-g526f7d4993 (webtiles) character file.

Game seed: 10911486565706532219

167 anacleto the Cutter (level 5, 0/25 HPs)
             Began as a Spriggan Brigand on Feb 16, 2024.
             Slain by an iguana (10 damage)
             ... on level 5 of the Dungeon.
             The game lasted 00:06:08 (3599 turns).

anacleto the Cutter (Spriggan Brigand)              Turns: 3599, Time: 00:06:09

Health: 0/25       AC:  3    Str:  7    XL:     5   Next: 23%
Magic:  6/6        EV: 16    Int: 12    God:
Gold:   172        SH:  0    Dex: 19    Spells: 4/4 levels left

rFire   . . .        a - +2 dagger
rCold   . . .        (no shield)
rNeg    . . .        b - +0 robe
rPois   .            (helmet restricted)
rElec   .            c - +0 cloak
rCorr   .            (gloves unavailable)
SInv    +            (boots unavailable)
Will    .....        (no amulet)
Stlth   +++          s - ring of wizardry
HPRegen 0.24/turn    (no ring)
MPRegen 0.10/turn

%: wizardry (x1)
@: very quick
A: very small, no large weapons, unfitting armour, see invisible, speed 3
a: no special abilities


You were on level 5 of the Dungeon.
You visited 1 branch of the dungeon, and saw 5 of its levels.

You collected 172 gold pieces.

Inventory:

Hand Weapons
 a - a +2 dagger (weapon)
Missiles
 d - 9 poisoned darts (quivered)
 e - 3 curare-tipped darts
Armour
 b - a +0 robe (worn)
 c - a +0 cloak (worn)
Jewellery
 s - a ring of wizardry (left hand)
Wands
 o - a wand of flame (17)
 q - a wand of charming (12)
Scrolls
 h - a scroll of immolation {unknown}
 l - 2 scrolls of fear {unknown}
 m - a scroll of enchant weapon {unknown}
 n - 2 scrolls of identify {unknown}
 p - a scroll of blinking {unknown}
 r - a scroll of teleportation {unknown}
Potions
 f - a potion of lignification {unknown}
 g - a potion of enlightenment {unknown}
 i - a potion of cancellation {unknown}
 j - 3 potions of mutation {unknown}
 k - a potion of haste {unknown}


   Skills:
 - Level 1.5 Fighting
 + Level 6.1 Short Blades
 - Level 2.0 Throwing
 - Level 1.3 Dodging
 - Level 5.8 Stealth


You had 4 spell levels left.
You didn't know any spells.
Your spell library contained the following spells:

 Spells                   Type           Power      Damage    Failure   Level
 Magic Dart               Conj           0%         1d3       13%         1
 Summon Small Mammal      Summ           0%         N/A       13%         1
 Cigotuvi's Dreadful Rot  Necr/Alch/Air  0%         N/A       21%         2
 Scorch                   Fire           0%         2d5       21%         2
 Searing Ray              Conj           0%         2d4       21%         2
 Call Canine Familiar     Summ           0%         N/A       36%         3
 Dispel Undead            Necr           0%         3d6       75%         4
 Flame Wave               Conj/Fire      0%         2d4       75%         4
 Fulminant Prism          Conj/Alch      0%         3d5       75%         4
 Manifold Assault         Tloc           0%         N/A       75%         4
 Martyr's Knell           Necr/Summ      0%         N/A       75%         4
 Summon Blazeheart Golem  Fire/Summ      0%         N/A       75%         4
 Death Channel            Necr           0%         N/A       100%        6
 Dispersal                Tloc           0%         N/A       100%        6
 Summon Cactus Giant      Summ           0%         N/A       100%        6
 Disjunction              Tloc           0%         N/A       100%        8


Dungeon Overview and Level Annotations

Branches:
Dungeon (5/15)
 Temple: D:4-7

Altars:
Ashenzari
Ru
Wu Jian
Xom

Shops:
D:1 ?


Innate Abilities, Weirdness & Mutations

You are very small and have problems with some larger weapons.
You are too small for most types of armour.
You have supernaturally acute eyesight. (SInv)
You cover ground extremely quickly. (Speed+++)


Message History

You kill the ball python!
You see here a ball python corpse.
Done exploring.
Done exploring.
Done exploring.
There is a stone staircase leading up here.
There is a stone staircase leading down here.
You climb downwards.
Found a scratched iron ring.
There is a stone staircase leading up here.
s - a ring of wizardry
s - a ring of wizardry (left hand)
An iguana comes into view.
Found a stone staircase leading down.
Found 4 gold pieces.
The iguana hisses angrily.
Found a leather armour.
The iguana bites you.
You completely miss the iguana. You hit the iguana but do no damage.
The iguana completely misses you.
You barely miss the iguana. The iguana completely misses you.
You hit the iguana.
The iguana is lightly wounded.
You hit the iguana but do no damage.
The iguana is lightly wounded.
The iguana bites you!
You hit the iguana.
The iguana is moderately wounded.
The iguana bites you.
You closely miss the iguana.
The iguana is moderately wounded.
The iguana completely misses you.
You barely miss the iguana.
The iguana is moderately wounded.
You completely miss the iguana.
The iguana is moderately wounded.
The iguana closely misses you.
You hit the iguana but do no damage.
The iguana is moderately wounded.
The iguana bites you!
You die...

#.. ... .##..##. ..#
.......[ #.# ........
#.# ####### .....# #.#
#....<# .$.. #.###.##..#
#.####...#.#...#..
#+###+#.................
......l@..####.#.....#..
..........+....#########
........>.######
#...####### #.. ##


You could see an iguana.

Vanquished Creatures
  2 adders
  A ribbon worm (D:3)
  A dart slug (D:1)
  An orc (D:3)
  10 ball pythons
  9 endoplasms
  A giant cockroach (D:3)
  10 hobgoblins
  16 jackals
  5 kobolds
  A quokka (D:1)
  7 bats
  3 frilled lizards
  5 goblins
  5 rats
77 creatures vanquished.

Notes
Turn   | Place    | Note
-------+----------+-------------------------------------------
     0 | D:1      | anacleto the Spriggan Brigand began the quest for the Orb.
     0 | D:1      | Reached XP level 1. HP: 10/10 MP: 2/2
   206 | D:1      | Reached skill level 3 in Short Blades
   206 | D:1      | Reached XP level 2. HP: 14/14 MP: 3/3
   501 | D:1      | Reached XP level 3. HP: 16/18 MP: 4/4
   511 | D:1      | Reached skill level 4 in Short Blades
   577 | D:1      | Found Siatith's Magic Scroll Shoppe.
  1449 | D:2      | Reached XP level 4. HP: 22/22 MP: 5/5
  1519 | D:2      | Reached skill level 5 in Short Blades
  1611 | D:2      | Found a shimmering altar of Xom.
  2381 | D:3      | Found a faded altar of an unknown god.
  2808 | D:3      | Reached XP level 5. HP: 24/25 MP: 6/6
  3029 | D:4      | Found a broken altar of Ashenzari.
  3046 | D:4      | Reached skill level 6 in Short Blades
  3078 | D:4      | Found an ornate altar of the Wu Jian Council.
  3327 | D:4      | Found a sacrificial altar of Ru.
  3571 | D:5      | Entered Level 5 of the Dungeon
  3599 | D:5      | Slain by an iguana

Illustrated notes

Levels and vault maps discovered:
D:1:      sevenhm_arrival_forest_fort_large_4, layout_basic, serial_shops, shop,
          grunt_decor_clamped
D:2:      layout_basic, basic_altar, nicolae_houndstooth_variations
D:3:      layout_loops_cross, shapermc_ecumenical_altar_gd
D:4:      layout_basic, overflow_temple_1_default, mainiacjoe_overflow_catwalk,
          evilmike_ruin_ashenzari
D:5:      layout_basic, kennysheep_generic_room_16

Skill      XL: |  1  2  3  4  5 |
---------------+----------------+-----
Short Blades   | 3 4 5 6 |  6.1
Fighting       | |  1.5
Throwing       | |  2.0
Dodging        | |  1.3
Stealth        | |  5.8

Action                     |  1- 3 |  4- 6 || total
---------------------------+-------+-------++-------
  Melee: Dagger            |   124 |   141 ||   265
  Throw: Dart              |       |     1 ||     1
   Stab: Sleeping          |     5 |    13 ||    18
         Distracted        |     2 |     1 ||     3
 Armour: Robe              |    42 |    33 ||    75
  Dodge: Dodged            |   108 |    82 ||   190

Table legend: (Time is in decaauts)
 A = Elapsed time spent in this place.
 B = Non-inter-level travel time spent in this place.
 C = Inter-level travel time spent in this place.
 D = Time resting spent in this place.
 E = Time spent auto-exploring this place.
 F = Levels seen in this place.
 G = Mean time per level.
                   A        B        C        D        E       F      G
               +--------+--------+--------+--------+--------+-----+--------+
         Total |   2351 |   2279 |     72 |    149 |   1592 |   5 |  470.2 |
       Dungeon |   2351 |   2279 |     72 |    149 |   1592 |   5 |  470.2 |
               +--------+--------+--------+--------+--------+-----+--------+

Top non-repeatable levels by time:
     D:1: 806 daAuts
     D:2: 630 daAuts
     D:3: 507 daAuts
     D:4: 389 daAuts
     D:5: 18 daAuts
